 Dungeon Crawl Stone Soup version 0.30-a0-722-g3e6e8c874d (webtiles) character file.

Game seed: 11895866600133057704

48035 browni3141 the Grappler (level 14, 0/137 HPs)
             Began as a Troll Berserker on Jan 27, 2023.
             Was an Elder of Trog.
             Slain by a komodo dragon (29 damage)
             ... on level 5 of the Lair of Beasts.
             The game lasted 00:23:12 (13968 turns).

browni3141 the Grappler (Troll Berserker)          Turns: 13968, Time: 00:23:13

Health: 0/137      AC: 10    Str: 32    XL:     14   Next: 10%
Magic:  13/13      EV: 13    Int: 10    God:    Trog [****..]
Gold:   607        SH:  5    Dex: 12    Spells: 13/13 levels left

rFire   + . .      SeeInvis +      - Unarmed
rCold   + + .      Faith    .    (no shield)
rNeg    . . .      Spirit   .    K - +4 skin of Zhor {*Englaciate rC+++ SInv}
rPois   +          Reflect  +    X - +1 hat {Int+3}
rElec   +          Harm     .    s - +0 cloak
rCorr   .          Rampage  .    (gloves unavailable)
Will    +....                    (boots unavailable)
Stlth   ++++                     U - amulet of reflection
HPRegen 1.22/turn                V - ring of poison resistance
MPRegen 0.13/turn                N - ring of Jiar Humn {Fire rElec Int+4 Dex+3 Stlth+}

@: no status effects
A: large, unfitting armour, claws 3, regeneration 1, shaggy fur 1, tough skin 1
a: Renounce Religion, Berserk, Trog's Hand, Brothers in Arms


You were on level 5 of the Lair of Beasts.
You worshipped Trog.
Trog was greatly pleased with you.
You visited 4 branches of the dungeon, and saw 18 of its levels.
You also visited: Sewer and Ossuary.

You collected 1881 gold pieces.
You spent 1274 gold pieces at shops.

Inventory:

Missiles
 i - 5 javelins (quivered)
 k - a large rock
 q - 6 boomerangs
 v - 6 throwing nets
Armour
 a - a +0 animal skin
 s - a +0 cloak (worn)
 K - the +4 skin of Zhor (worn) {*Englaciate rC+++ SInv}
   (You found it on level 8 of the Dungeon)

   *Englaciate: It radiates cold, occasionally slowing all nearby creatures who
   are not resistant to cold.
   rC:        It renders you almost immune to cold.
   SInv:      It lets you see invisible.
 X - a +1 hat of intelligence (worn)
Jewellery
 l - a ring of willpower
 p - a +5 ring of evasion
 J - a +6 ring of intelligence
 L - a ring of flight
 N - the ring of Jiar Humn (right claw) {Fire rElec Int+4 Dex+3 Stlth+}
   (You took it off a centaur warrior on level 8 of the Dungeon)

   [ring of fire]

   It enhances your fire magic.
   Int:       It affects your intelligence (+4).
   Dex:       It affects your dexterity (+3).
   rF:        It protects you from fire.
   rC:        It makes you vulnerable to cold.
   rElec:     It insulates you from electricity.
   Stlth:     It makes you more stealthy.
 P - a ring of protection from fire
 U - an amulet of reflection (around neck)
 V - a ring of poison resistance (left claw)
 Z - a ring of magical power
Wands
 H - a wand of digging (9)
 M - a wand of flame (52)
 O - a wand of mindburst (28)
 Q - a wand of roots (4)
Scrolls
 d - 3 scrolls of poison {unknown}
 f - 4 scrolls of fog {unknown}
 g - 9 scrolls of teleportation {unknown}
 h - 18 scrolls of identify {unknown}
 j - 3 scrolls of noise {unknown}
 m - 5 scrolls of enchant weapon {unknown}
 n - 4 scrolls of magic mapping {unknown}
 o - 2 scrolls of vulnerability {unknown}
 w - 3 scrolls of fear {unknown}
 y - 5 scrolls of immolation {unknown}
 A - 3 scrolls of blinking {unknown}
 C - 4 scrolls of amnesia {unknown}
 R - 5 scrolls of brand weapon {unknown}
 W - 2 scrolls of torment {unknown}
 Y - a scroll of acquirement {unknown}
Potions
 b - 3 potions of ambrosia {unknown}
 c - 6 potions of haste {unknown}
 e - 11 potions of curing
 r - 4 potions of heal wounds
 t - 5 potions of might
 u - 2 potions of resistance
 x - a potion of invisibility {unknown}
 z - 3 potions of mutation
 B - 2 potions of berserk rage {unknown}
 D - 2 potions of degeneration
 E - 2 potions of attraction
 F - a potion of brilliance
 G - a potion of lignification {unknown}
 I - 2 potions of cancellation {unknown}
 S - a potion of flight {unknown}
 T - 2 potions of magic {unknown}


   Skills:
 + Level 8.8 Fighting
 + Level 11.3 Throwing
 + Level 4.9 Armour
 + Level 8.8 Dodging
 + Level 4.3 Stealth
 * Level 14.3 Unarmed Combat


You had 13 spell levels left.
You didn't know any spells.
Your spell library was empty.

Dungeon Overview and Level Annotations

Branches:
Dungeon (10/15)            Temple (0/1) D:6            Lair (5/5) D:8
 Shoals (1/4) Lair:2        Snake (0/4) Lair:2        Slime (0/5) Lair:4
    Orc (2/2) D:10            Elf (0/3) Orc:2         Sewer (visited)
Ossuary (visited)

Altars:
Elyvilon
Fedhas
Hepliaklqana
Nemelex Xobeh
Xom

Shops:
D:1 =   D:7 !   D:9 :   Orc:2 [=(


Innate Abilities, Weirdness & Mutations

You are too large for most types of armour.
You have claws for hands.
Your natural rate of healing is unusually fast.
You are covered in fur. (AC +1)
You have tough skin. (AC +1)


Message History

The five-headed hydra bites you but does no damage.
The five-headed hydra bites you!
The five-headed hydra bites you but does no damage.
The five-headed hydra bites you. The five-headed hydra bites you!
The basilisk gazes at you.
You easily resist.
The cane toad stings you!
The elephant trumpets!
You hear a trumpeting!
The cane toad stings you. The five-headed hydra bites you!
The five-headed hydra bites you but does no damage. x2
The five-headed hydra bites you! x2; The basilisk bites you!
An elephant comes into view. x2
The elephant trumpets!
The cane toad stings you!
The five-headed hydra bites you but does no damage.
The five-headed hydra bites you!
The five-headed hydra bites you but does no damage.
The five-headed hydra bites you! The five-headed hydra bites you.
The basilisk gazes at you.
You easily resist.
The cane toad stings you but does no damage.
A cane toad comes into view.
The five-headed hydra bites you but does no damage.
The five-headed hydra bites you. x3
The five-headed hydra bites you but does no damage.
The komodo dragon bites you!
The basilisk bites you but does no damage.
An elephant comes into view.
You turn to flesh and can move again.
Unknown command.
Unknown command.
Unknown command.
Unknown command.
The basilisk attacks as you move away! The basilisk barely misses you.
The cane toad attacks as you move away! The cane toad stings you!
The komodo dragon bites you!!
* * * LOW HITPOINT WARNING * * *
The basilisk bites the fungus!
The fungus begins to die.
The komodo dragon attacks as you move away!
The komodo dragon bites you!!
You die...

##.......?##.....#.#..P#...
#.....#P..##......#######..
##....##.##.#......#
#.#......#.P.....##
##..................
##...................
#.#..........F.......
##..........DY.......
#.........@ll.......
##........#PY.......
#....#.#..#.......(.
#....##..##...YY....
#.#...##...#...F.....
##....##...........Y.
#...##....#.........
#...####.##......... .#...


You could see a five-headed hydra, 4 elephants, a komodo dragon, 2 cane toads
and a basilisk.

Vanquished Creatures
  Gastronok (Lair:3)
  Harold (D:9)
  A hydra (Lair:5)
  2 catoblepae (Lair:5)
  2 two-headed ogres
  A death yak (Lair:5)
  6 orc high priests (Orc:2)
  A sea snake (Shoals:1)
  An orc sorcerer (Orc:1)
  An orc knight (Orc:1)
  4 elephants (Lair:5)
  A manticore (Shoals:1)
  6 black mambas
  A water nymph (Shoals:1)
  3 orange demons (D:10)
  An unseen horror (D:10)
  Maggie (D:8)
  15 cane toads
  A kobold demonologist (D:9)
  5 komodo dragons
  3 red devils (D:10)
  A merfolk (Shoals:1)
  4 polar bears
  A troll (D:10)
  Prince Ribbit (D:8)
  2 hornets (Lair:5)
  The ghost of bigmike the Trooper, an amateur HuBe of Trog (D:4)
  9 blink frogs (Lair:3)
  4 dream sheep (Lair:1)
  A slime creature (D:8)
  Sigmund (D:6)
  2 spriggans
  18 yaks
  3 wyverns
  Eustachio (D:4)
  2 basilisks (Lair:5)
  The ghost of Mitcholas the Shooter, an amateur DrHu (D:4)
  2 steam dragons
  Grum (D:8)
  Menkaure (D:7)
  9 wargs (Orc:2)
  2 acid dragons
  18 water moccasins
  Pargi (Sewer)
  Duvessa (D:6)
  4 black bears
  6 ice beasts
  10 orc warriors
  2 sky beasts
  8 ogres
  4 phantoms
  14 wolves
  2 centaurs
  A kobold brigand (D:5)
  12 bullfrogs
  2 elf zombies (Ossuary)
  A gnoll sergeant (D:6)
  3 scorpions
  4 wights
  Dowan (D:6)
  9 killer bees
  7 howler monkeys
  A hound (D:7)
  4 jellies
  A gnoll bouda (D:8)
  38 orc priests
  4 iguanas
  18 orc wizards
  2 mummies (Ossuary)
  14 gnolls
  9 adders
  4 white imps
  An ufetubus (D:4)
  6 worms
  A dart slug (D:3)
  84 orcs
  2 endoplasms
  4 giant cockroaches
  5 gnoll zombies (Ossuary)
  11 goblins
  5 hobgoblins
  14 kobolds
  4 quokkas
  4 ball pythons
  5 bats
  A frilled lizard (D:2)
  3 goblin zombies (Ossuary)
  3 hobgoblin zombies (Ossuary)
  An orc zombie (Ossuary)
  5 rats
489 creatures vanquished.

Vanquished Creatures (collateral kills)
  3 hydras
  A centaur warrior (D:8)
  A boulder beetle (D:8)
  A two-headed ogre (D:8)
  An orc high priest (Orc:2)
  A hornet (Lair:5)
  A spriggan (Lair:5)
  A basilisk (Lair:4)
  An acid dragon (D:8)
  An orc warrior (D:8)
  2 wolves (Lair:5)
  A boggart (Lair:5)
  A bullfrog (Lair:4)
  An orc priest (D:8)
  An orc wizard (D:8)
  2 orcs
20 creatures vanquished.

Vanquished Creatures (others)
  12 fungi
  38 plants
  5 withered plants (D:4)
55 creatures vanquished.

Grand Total: 564 creatures vanquished

Notes
Turn   | Place    | Note
-------+----------+-------------------------------------------
     0 | D:1      | browni3141 the Troll Berserker began the quest for the Orb.
     0 | D:1      | Reached XP level 1. HP: 22/22 MP: 0/0
   176 | D:1      | Found Juigig's Jewellery Shop.
   466 | D:1      | Reached skill level 1 in Stealth
   466 | D:1      | Reached XP level 2. HP: 29/29 MP: 1/1
   749 | D:2      | Found a blossoming altar of Fedhas.
  1075 | D:2      | Found a faded altar of an unknown god.
  1084 | D:2      | Reached XP level 3. HP: 33/36 MP: 2/2
  1454 | D:3      | Reached ** piety under Trog
  1600 | D:3      | Reached XP level 4. HP: 44/44 MP: 3/3
  1755 | D:3      | Noticed an ice beast
  1763 | D:3      | Reached skill level 1 in Throwing
  1767 | D:3      | Killed an ice beast
  1768 | D:3      | Reached XP level 5. HP: 35/50 MP: 4/4
  1920 | D:3      | Identified the +1 robe "Ipuihagu" {rPois Str-4 Stlth+
                  | Archmagi}
  2518 | D:4      | Reached skill level 4 in Unarmed Combat
  2530 | D:4      | Noticed an ogre
  2536 | D:4      | Reached XP level 6. HP: 59/59 MP: 5/5
  2649 | D:4      | Found a glowing drain.
  2656 | Sewer    | Entered a sewer
  2682 | Sewer    | Noticed Pargi
  2688 | Sewer    | Killed Pargi
  2689 | Sewer    | Reached XP level 7. HP: 67/67 MP: 6/6
  2907 | Sewer    | Reached *** piety under Trog
  2996 | D:4      | Found a runed translucent gate.
  2999 | D:4      | Found a runed translucent gate.
  3000 | D:4      | Found a runed translucent gate.
  3016 | D:4      | Noticed Mitcholas's ghost (amateur DrHu)
  3016 | D:4      | Noticed bigmike's ghost (amateur HuBe)
  3019 | D:4      | Reached skill level 5 in Unarmed Combat
  3137 | D:4      | Noticed Eustachio
  3168 | D:4      | Killed Eustachio
  3206 | D:4      | Identified the +1 scale mail "Furhi" {Fly rPois Will+}
  3406 | D:4      | Killed bigmike's ghost
  3407 | D:4      | Reached skill level 6 in Unarmed Combat
  3407 | D:4      | Reached XP level 8. HP: 78/78 MP: 7/7
  3412 | D:4      | Killed Mitcholas's ghost
  3457 | D:5      | Entered Level 5 of the Dungeon
  3463 | D:5      | Reached skill level 5 in Throwing
  3515 | D:5      | Found a white marble altar of Elyvilon.
  3718 | D:5      | Identified the +2 dagger of Undoing {freeze, rElec rF-
                  | rCorr Dex+8}
  3810 | D:5      | Reached skill level 7 in Unarmed Combat
  3979 | D:5      | Reached XP level 9. HP: 62/85 MP: 8/8
  4162 | D:6      | Noticed Sigmund
  4177 | D:6      | Killed Sigmund
  4215 | D:6      | Reached **** piety under Trog
  4284 | D:6      | Noticed Dowan
  4287 | D:6      | Noticed Duvessa
  4295 | D:6      | Killed Duvessa
  4297 | D:6      | Killed Dowan
  4345 | D:6      | Found a staircase to the Ecumenical Temple.
  4467 | D:6      | Reached skill level 8 in Unarmed Combat
  4734 | D:7      | Reached skill level 5 in Fighting
  4734 | D:7      | Reached skill level 5 in Dodging
  4802 | D:7      | Noticed Menkaure
  4808 | D:7      | Killed Menkaure
  4912 | D:7      | Found a sand-covered staircase.
  4922 | Ossuary  | Entered an ossuary
  5083 | D:7      | Found Makhlor's Distillery.
  5091 | D:7      | Bought 2 potions of curing for 72 gold pieces
  5091 | D:7      | Bought a potion of mutation for 96 gold pieces
  5091 | D:7      | Bought a potion of resistance for 120 gold pieces
  5091 | D:7      | Bought 2 potions of heal wounds for 120 gold pieces
  5091 | D:7      | Bought a potion of degeneration for 12 gold pieces
  5091 | D:7      | Bought a potion of curing for 36 gold pieces
  5091 | D:7      | Bought 2 potions of attraction for 72 gold pieces
  5091 | D:7      | Bought a potion of brilliance for 48 gold pieces
  5091 | D:7      | Bought a potion of might for 48 gold pieces
  5102 | D:7      | Reached XP level 10. HP: 91/96 MP: 9/9
  5376 | D:7      | Found a sparkling altar of Nemelex Xobeh.
  5461 | D:8      | Found a staircase to the Lair.
  5521 | D:8      | Noticed a two-headed ogre
  5526 | D:8      | Killed a two-headed ogre
  5527 | D:8      | Reached skill level 9 in Unarmed Combat
  5527 | D:8      | Noticed a two-headed ogre
  5543 | D:8      | Killed a two-headed ogre
  5628 | D:8      | Noticed Prince Ribbit
  5635 | D:8      | Killed Prince Ribbit
  5636 | D:8      | Found the +4 skin of Zhor {*Englaciate rC+++ SInv}
  5669 | D:8      | Noticed a four-headed hydra
  5670 | D:8      | Identified the ring of Jiar Humn {Fire rElec Int+4 Dex+3
                  | Stlth+}
  5670 | D:8      | Noticed a centaur warrior
  5685 | D:8      | Noticed Maggie
  5738 | D:8      | Killed Maggie
  5764 | D:8      | Noticed a boulder beetle
  5770 | D:8      | Killed a centaur warrior
  5774 | D:8      | Killed a boulder beetle
  5775 | D:8      | Reached skill level 10 in Unarmed Combat
  5778 | D:8      | Killed a four-headed hydra
  5779 | D:8      | Reached XP level 11. HP: 74/105 MP: 10/10
  6297 | D:8      | Found a hazy altar of Hepliaklqana.
  6298 | D:8      | Found a shimmering altar of Xom.
  6618 | D:8      | Noticed Grum
  6627 | D:8      | Killed Grum
  6663 | D:9      | Found Eqoenidgh's Book Shop.
  6755 | D:9      | Noticed a two-headed ogre
  6760 | D:9      | Killed a two-headed ogre
  6952 | D:9      | Noticed Harold
  6962 | D:9      | Killed Harold
  7483 | D:10     | Entered Level 10 of the Dungeon
  7483 | D:10     | Found a staircase to the Orcish Mines.
  7499 | D:10     | Reached skill level 11 in Unarmed Combat
  7676 | D:10     | Reached skill level 10 in Throwing
  8331 | Orc:1    | Entered Level 1 of the Orcish Mines
  8441 | Orc:1    | Noticed an orc knight
  8452 | Orc:1    | Killed an orc knight
  8452 | Orc:1    | Reached ***** piety under Trog
  8480 | Orc:1    | Reached XP level 12. HP: 101/118 MP: 11/11
  8676 | Orc:2    | Entered Level 2 of the Orcish Mines
  8985 | Orc:2    | Noticed an orc high priest
  8988 | Orc:2    | Received a gift from Trog
  8990 | Orc:2    | Killed an orc high priest
  8990 | Orc:2    | Noticed an orc high priest
  8991 | Orc:2    | Reached skill level 1 in Armour
  8991 | Orc:2    | Reached skill level 12 in Unarmed Combat
  9010 | Orc:2    | Noticed an orc high priest
  9014 | Orc:2    | Killed an orc high priest
  9031 | Orc:2    | Killed an orc high priest
  9070 | Orc:2    | Found Foestat's Weapon Shop.
  9070 | Orc:2    | Found Xob Utak's Jewellery Emporium.
  9184 | Orc:2    | Found a staircase to the Elven Halls.
  9478 | Orc:2    | Noticed an orc high priest
  9489 | Orc:2    | Killed an orc high priest
  9496 | Orc:2    | Noticed an orc high priest
  9498 | Orc:2    | Noticed an orc high priest
  9504 | Orc:2    | Killed an orc high priest
  9507 | Orc:2    | Killed an orc high priest
  9572 | Orc:2    | Found Qudi's Distillery.
  9572 | Orc:2    | Found Wuolebur's Armour Shop.
  9843 | Orc:2    | Bought an amulet of reflection for 390 gold pieces
  9843 | Orc:2    | Bought a ring of poison resistance for 260 gold pieces
  9859 | Orc:2    | Noticed an orc high priest
  9862 | Orc:2    | Killed an orc high priest
  9973 | Lair:1   | Entered Level 1 of the Lair of Beasts
  9973 | Lair:1   | You fall into a shaft and drop 1 floor!
 10342 | Lair:1   | Reached skill level 13 in Unarmed Combat
 10462 | Lair:1   | Reached XP level 13. HP: 124/127 MP: 12/12
 10923 | Lair:2   | Found a staircase to the Shoals.
 11047 | Lair:2   | Found a staircase to the Snake Pit.
 11058 | Lair:2   | Received a gift from Trog
 11208 | Lair:2   | Identified the +1 helmet of Eddig {MP+9}
 11750 | Shoals:1 | Entered Level 1 of the Shoals
 12118 | Lair:3   | Noticed Gastronok
 12141 | Lair:3   | Killed Gastronok
 13193 | Lair:4   | Found a staircase to the Slime Pits.
 13519 | Lair:5   | Entered Level 5 of the Lair of Beasts
 13631 | Lair:5   | Reached skill level 14 in Unarmed Combat
 13770 | Lair:5   | Reached XP level 14. HP: 85/137 MP: 13/13
 13968 | Lair:5   | Slain by a komodo dragon

Illustrated notes

Levels and vault maps discovered:
D:1:      sevenhm_arrival_forest_fort_large_4, layout_basic, serial_shops, shop,
          minmay_tetromino_i2
D:2:      layout_loops_ring, basic_altar, chequers_ecumenical_altar_island
D:3:      layout_basic, serial_forest, infiniplex_forest_end_2,
          infiniplex_forest_straight_3, infiniplex_forest_side_room,
          infiniplex_forest_straight_5, infiniplex_forest_clump_diagonal,
          infiniplex_forest_diagonal, infiniplex_forest_lined_room_3,
          kennysheep_another_room, corner_web_ring, minmay_goblin_outpost
D:4:      layout_rooms, gup_sewer_entry_bubbles, gammafunk_ghost_cemetery,
          uniq_eustachio
D:5:      layout_basic, elyvilon_altar_1
D:6:      layout_cave_pools, minmay_temple_entry_glassed_door,
          nrook_mini_vaults, chequers_arboretum, uniq_sigmund, uniq_duvessa
D:7:      minmay_spotlight, layout_rooms, mainiacjoe_overflow_24_doors,
          serial_shops, shop, lightli_ossuary_entry_decrepit_ruins,
          uniq_menkaure
D:8:      minmay_cut_squares, layout_loops_corners,
          regret_index_temple_of_mockery, serial_bayou_pond_e, uniq_maggie,
          uniq_prince_ribbit1, uniq_grum
D:9:      layout_loops_ring, serial_shops, nicolae_shop_hallway_stairs,
          uniq_harold
D:10:     layout_roguey, orc_david_3, minmay_beelzebubs_servants
Lair:1:   layout_regular_city
Lair:2:   layout_regular_city, shoals_dummy_entry,
          minmay_snake_entry_six_corridors, grunt_forest_stairs_clearing
Lair:3:   layout_regular_city, infiniplex_staircase_pool_2, uniq_gastronok
Lair:4:   layout_misc_corridors, slime_entry_1, grunt_megastairs_4
Lair:5:   minmay_lair_end_enchanted_forest, layout_regular_city,
          enter_volcano_2, st_stairs_13, nicolae_lair_yak_garden
Shoals:1: layout_shoals, nicolae_shoals_nymph_descending_staircase
Orc:1:    layout_caves
Orc:2:    st_orc_town, layout_diamond_mine

Skill      XL: |  1  2  3  4  5  6  7  8  9 10 11 12 13 |
---------------+----------------------------------------+-----
Stealth        | 1 2 3 4 |  4.3
Throwing       | 1 2 3 4 5 7 8 10 11 | 11.3
Unarmed Combat | 4 6 7 8 10 11 13 14 | 14.3
Fighting       | 3 4 5 6 7 8 |  8.8
Dodging        | 3 4 5 6 7 8 |  8.8
Armour         | 3 4 |  4.9

Action                     |  1- 3 |  4- 6 |  7- 9 | 10-12 | 13-15 || total
---------------------------+-------+-------+-------+-------+-------++-------
  Melee: Unarmed           |    94 |   112 |   334 |   608 |   317 ||  1465
         Punch             |     1 |       |     8 |    25 |    23 ||    57
  Throw: Javelin           |       |     2 |       |     8 |     2 ||    12
         Large rock        |       |     1 |       |     9 |     5 ||    15
         Throwing net      |       |       |       |       |     2 ||     2
 Invoke: Berserk           |       |     2 |    10 |    12 |     4 ||    28
         Trog's Hand       |       |       |     3 |     3 |     1 ||     7
         Brothers in Arms  |       |       |       |     3 |     3 ||     6
  Evoke: Wand              |       |       |     7 |     2 |       ||     9
   Stab: Sleeping          |       |     1 |     4 |     6 |     1 ||    12
         Distracted        |       |       |       |       |     3 ||     3
 Armour: Animal skin       |    39 |    27 |    78 |   118 |    82 ||   344
  Dodge: Dodged            |    61 |    69 |   221 |   331 |   129 ||   811
  Block: Other             |       |       |       |    15 |    54 ||    69
         Reflection        |       |       |       |       |     1 ||     1

Table legend: (Time is in decaauts)
 A = Elapsed time spent in this place.
 B = Non-inter-level travel time spent in this place.
 C = Inter-level travel time spent in this place.
 D = Time resting spent in this place.
 E = Time spent auto-exploring this place.
 F = Levels seen in this place.
 G = Mean time per level.
                   A        B        C        D        E       F      G
               +--------+--------+--------+--------+--------+-----+--------+
         Total |  13943 |  13251 |    692 |    578 |   9509 |  20 |  697.2 |
       Dungeon |   8040 |   7593 |    447 |    278 |   5684 |  10 |  804.0 |
          Lair |   3923 |   3787 |    136 |    121 |   2739 |   5 |  784.6 |
        Shoals |     26 |     26 |      0 |      0 |      0 |   1 |   26.0 |
  Orcish Mines |   1536 |   1427 |    109 |     31 |    938 |   2 |  768.0 |
         Sewer |    285 |    285 |      0 |    147 |     92 |   1 |  285.0 |
       Ossuary |    132 |    132 |      0 |      0 |     56 |   1 |  132.0 |
               +--------+--------+--------+--------+--------+-----+--------+

Top non-repeatable levels by time:
     D:8: 1229 daAuts
   Orc:2: 1119 daAuts
     D:3: 1091 daAuts
  Lair:2: 1019 daAuts
  Lair:3: 990 daAuts
  Lair:1: 873 daAuts
     D:9: 865 daAuts
    D:10: 859 daAuts
     D:1: 718 daAuts
     D:2: 697 daAuts
     D:4: 683 daAuts
     D:6: 661 daAuts
     D:5: 619 daAuts
     D:7: 614 daAuts
  Lair:4: 611 daAuts
